 Dungeon Crawl Stone Soup version 0.20.1-1-g8b1a95d (webtiles) character file.

3033 ShansongY the Ruffian (level 9, -7/89 HPs)
             Began as a Troll Fighter on Jan 1, 2018.
             Was a Believer of Uskayaw.
             Mangled by Gastronok (31 damage)
             ... on level 8 of the Dungeon.
             The game lasted 00:18:44 (5064 turns).

ShansongY the Ruffian (Troll Fighter)               Turns: 5064, Time: 00:18:44

Health: -7/89      AC:  5    Str: 34    XL:     9   Next: 56%
Magic:  9/9        EV: 11    Int:  4    God:    Uskayaw [**....]
Gold:   344        SH: 11    Dex: 11    Spells: 8/8 levels left

rFire    . . .     SeeInvis +     - Unarmed
rCold    . . .     Gourm    +   b - +0 shield
rNeg     . . .     Faith    .   L - +0 animal skin
rPois    .         Spirit   .   (helmet restricted)
rElec    .         Reflect  .   (no cloak)
rCorr    .         Harm     .   (gloves unavailable)
MR       .....                  (boots unavailable)
Stlth    +.........             f - amulet of rage
Regen    0.7/turn               l - +2 ring of dexterity
MPRegen  0.2/turn               G - ring of see invisible

@: mighty, slowed, very slow
A: unfitting armour, claws 3, fast metabolism 3, gourmand, regeneration 1,
shaggy fur 1, tough skin 2
a: Stomp, Line Pass, Renounce Religion, Evoke Berserk Rage


You were on level 8 of the Dungeon.
You worshipped Uskayaw.
Uskayaw was noncommittal.
You were very full.

You visited 2 branches of the dungeon, and saw 9 of its levels.
You also visited: Ossuary.

You collected 344 gold pieces.

Inventory:

Armour
 b - a +0 shield (worn)
 L - a +0 animal skin (worn)
Jewellery
 f - an amulet of rage (around neck)
 l - a +2 ring of dexterity (left claw)
 n - an uncursed ring of positive energy
 F - an uncursed ring of protection from fire
 G - a ring of see invisible (right claw)
Wands
 a - a wand of acid (5/15)
 v - a wand of confusion (46/48)
 C - a wand of confusion (29/48)
 E - a wand of flame (22/48)
 J - a wand of digging (14/24)
Scrolls
 e - 5 scrolls of remove curse
 h - a scroll of random uselessness {unknown}
 k - a scroll of fog {unknown}
 o - a scroll of recharging
 t - 2 scrolls of torment {unknown}
 w - a scroll of amnesia
 x - a scroll of fear {unknown}
 y - 2 scrolls of enchant armour {unknown}
 z - 3 scrolls of teleportation {unknown}
 B - 5 scrolls of identify
Potions
 c - 2 potions of might
 g - 2 potions of lignification
 i - 4 potions of mutation
 m - 2 potions of ambrosia
 q - 3 potions of curing
 r - 2 potions of flight {unknown}
 s - 3 potions of agility {unknown}
 u - 3 potions of brilliance
 D - a potion of resistance {unknown}
Books
 K - a book of Necromancy

   Spells                             Type                      Level
   a - Pain                           Necromancy                   1
   b - Animate Skeleton               Necromancy                   1
   c - Vampiric Draining              Necromancy                   3
   d - Regeneration                   Charms/Necromancy            3
   e - Animate Dead                   Necromancy                   4
   f - Control Undead                 Necromancy                   4
Comestibles
 d - 11 bread rations
 j - 2 meat rations
 A - 5 royal jellies
 H - 7 fruits


   Skills:
 + Level 6.1 Fighting
 + Level 5.9 Dodging
 + Level 5.9 Shields
 + Level 6.8 Unarmed Combat
 + Level 2.2 Invocations


You had 8 spell levels left.
You didn't know any spells.

Dungeon Overview and Level Annotations

Branches:
Dungeon (8/15)             Temple (1/1) D:5
   Lair: D:8-11

Altars:
Elyvilon
Fedhas
Gozag
Hepliaklqana
Kikubaaqudgha
Makhleb
Nemelex Xobeh
Okawaru
Ru
Trog
Uskayaw
Vehumet
Xom
Yredelemnul
Zin
The Shining One

Annotations:
D:8 Gastronok


Innate Abilities, Weirdness & Mutations

You are too large for most types of armour.
You have claws for hands.
Your metabolism is lightning-fast.
You like to eat raw meat.
Your natural rate of healing is unusually fast.
You are covered in fur. (AC +1)
You have very tough skin. (AC +2)


Message History

You feel very mighty all of a sudden.
Gastronok wobbles crazily.
You scratch Gastronok.
Gastronok is lightly wounded.
Gastronok bites you.
You mangle Gastronok!!
Gastronok is moderately wounded.
Gastronok's eyestalks quiver as he mumbles some strange words.
Gastronok puts on a burst of speed!
You mangle Gastronok!!
Gastronok is moderately wounded.
You can now pass through a line of other dancers.
You claw Gastronok!
Gastronok is heavily wounded.
Gastronok bites you!!!
* * * LOW HITPOINT WARNING * * *
You mangle Gastronok!!
Gastronok is severely wounded.
Gastronok bites you!!
You die...

.8 .# ..# ..## ######
...8# #####....##...##.
.. ..........w......
...###......@.......
......................
..<.#..##..............
.......>......$.........
...............$........
........................
........................
........................
.......................


You could see Gastronok.

Vanquished Creatures
  Pikel (D:7)
  The ghost of buskinjo the Slasher, a novice HuFi (D:5)
  Grinder (D:6)
  Sigmund (D:3)
  Duvessa (D:4)
  A sky beast (D:5)
  An ice beast (D:8)
  2 slaves (D:7)
  3 ogres
  A centaur (D:7)
  2 bullfrogs
  Dowan (D:4)
  4 scorpions (D:4)
  A howler monkey (D:3)
  3 crimson imps
  A quasit (D:7)
  2 centaur zombies (Ossuary)
  A human zombie (Ossuary)
  A hound (D:4)
  An orc wizard (D:7)
  6 orc priests
  A bullfrog skeleton (D:4)
  2 iguanas
  Terence (D:3)
  5 worker ants
  2 mummies (Ossuary)
  6 adders
  3 oozes
  An adder skeleton (D:4)
  2 adder zombies
  3 worms
  9 dart slugs
  8 leopard geckos
  21 orcs
  9 bats
  3 giant cockroaches
  6 hobgoblins
  7 jackals
  5 quokkas
  3 frilled lizards (D:2)
  4 goblins (D:2)
  2 goblin zombies (Ossuary)
  11 hobgoblin zombies
  A jackal skeleton (D:6)
  7 kobolds
  9 kobold zombies (Ossuary)
  10 orc zombies (Ossuary)
  6 rats
  3 rat zombies
186 creatures vanquished.

Vanquished Creatures (others)
  An adder (D:7)
  A leopard gecko (D:7)
2 creatures vanquished.

Grand Total: 188 creatures vanquished

Notes
Turn   | Place    | Note
-------+----------+-------------------------------------------
     0 | D:1      | ShansongY the Troll Fighter began the quest for the Orb.
     0 | D:1      | Reached XP level 1. HP: 22/22 MP: 0/0
   167 | D:1      | Reached XP level 2. HP: 29/29 MP: 1/1
   460 | D:1      | Reached XP level 3. HP: 36/36 MP: 2/2
   599 | D:2      | Found a white marble altar of Elyvilon.
   857 | D:2      | Reached XP level 4. HP: 37/44 MP: 3/3
  1150 | D:3      | Noticed Sigmund
  1308 | D:3      | Found a blossoming altar of Fedhas.
  1351 | D:3      | Killed Sigmund
  1351 | D:3      | Reached XP level 5. HP: 50/53 MP: 4/4
  1351 | D:3      | Reached XP level 6. HP: 57/61 MP: 5/5
  1393 | D:3      | Noticed Terence
  1399 | D:3      | Killed Terence
  1401 | D:3      | Found a sparkling altar of Nemelex Xobeh.
  1970 | D:4      | Reached XP level 7. HP: 64/68 MP: 6/6
  2166 | D:4      | Noticed Duvessa
  2168 | D:4      | Noticed Dowan
  2176 | D:4      | Killed Duvessa
  2179 | D:4      | Killed Dowan
  2372 | D:4      | Reached skill level 5 in Unarmed Combat
  2447 | D:5      | Entered Level 5 of the Dungeon
  2509 | D:5      | Noticed buskinjo's ghost (novice HuFi)
  2516 | D:5      | Killed buskinjo's ghost
  2516 | D:5      | Reached XP level 8. HP: 63/79 MP: 7/7
  2577 | D:5      | Found a sand-covered staircase.
  2586 | Ossuary  | Entered an ossuary
  3153 | D:5      | Reached skill level 5 in Shields
  3179 | D:5      | Reached skill level 5 in Fighting
  3311 | D:5      | Reached skill level 5 in Dodging
  3562 | D:5      | Found a staircase to the Ecumenical Temple.
  3726 | Temple   | Entered the Ecumenical Temple
  3798 | Temple   | Became a worshipper of Uskayaw the Reveler
  3968 | D:6      | Noticed Grinder
  3975 | D:6      | Paralysed by Grinder for 6 turns
  3985 | D:6      | Reached * piety under Uskayaw
  3987 | D:6      | Killed Grinder
  3987 | D:6      | Reached ** piety under Uskayaw
  4198 | D:6      | Reached XP level 9. HP: 88/88 MP: 8/8
  4204 | D:6      | Reached *** piety under Uskayaw
  4228 | D:6      | You fall through a shaft!
  4515 | D:7      | Reached skill level 1 in Invocations
  4673 | D:7      | Noticed Pikel
  4686 | D:7      | Killed Pikel
  5049 | D:8      | Noticed Gastronok
  5064 | D:8      | Mangled by Gastronok

Skill      XL: |  1  2  3  4  5  6  7  8  9 |
---------------+----------------------------+-----
Unarmed Combat | 3 4 5 6 |  6.8
Dodging        | 3 4 5 |  5.9
Shields        | 3 4 5 |  5.9
Fighting       | 3 4 5 6 |  6.1
Invocations    | 2 |  2.2

Action                   |  1- 3 |  4- 6 |  7- 9 || total
-------------------------+-------+-------+-------++-------
Melee: Unarmed           |   132 |   106 |   323 ||   561
 Abil: Evoke Berserk Rag |       |     1 |       ||     1
  Use: Scroll            |       |       |    10 ||    10
       Potion            |       |       |     3 ||     3
 Stab: Sleeping          |       |       |     1 ||     1
       Paralysed         |       |       |     3 ||     3
       Distracted        |       |       |     1 ||     1
  Eat: Chunk             |    13 |    12 |    28 ||    53
Armor: Robe              |    54 |    29 |    61 ||   144
       Animal skin       |       |       |     2 ||     2
Dodge: Dodged            |    31 |    39 |   114 ||   184
Block: Shield            |    65 |    52 |   121 ||   238
